Map: [ESL] Site Delta

Players

ONSYDESolar (Solar) - Winner!

  • Race: Zerg Zerg
  • League: Master
  • Spawn Location: 11:00

Classic

  • Race: Protoss Protoss
  • Spawn Location: 5:00

VOD

Have the link to the VOD?

Description

Time

  • Played on: Nov. 21, 2023, 8:51 a.m.
  • Length: 11:31
Show
View Real Time Build Order
Export as new Build Order

ONSYDESolar Zerg - Winner!

Build Orders: Hatch First 

Get SALT Encoding   

  12  0:00  Drone  
  13  0:12  Overlord  
  13  0:17  Drone  
  14  0:40  Drone  
  15  0:45  Hatchery  
  15  0:49  Drone  
  15  0:52  Drone  
  15  0:56  Drone  
  17  1:01  Drone  
  18  1:12  Extractor  
  18  1:17  Spawning Pool  
  16  1:20  Drone  
  16  1:23  Drone  
  18  1:33  Drone  
  19  1:46  Drone  
  20  1:55  Overlord  
  20  2:01  Drone  
  21  2:03  Queen x2  
  21  2:06  Zergling x2  
  26  2:09  Zergling x2  
  27  2:16  Metabolic Boost  
  27  2:19  Drone  
  27  2:20  Drone  
  29  2:29  Drone x2  
  31  2:40  Hatchery  
  30  2:46  Queen  
  30  2:51  Overlord  
  32  2:54  Drone  
  32  2:55  Drone  
  32  2:58  Drone  
  35  3:00  Drone  
  36  3:09  Queen  
  38  3:14  Drone x4  
  38  3:18  Drone  
  43  3:20  Overlord  
  43  3:28  Zergling x2  
  43  3:34  Overlord  
  44  3:38  Queen  
  44  3:40  Drone x2  
  47  3:45  Zergling x8  
  51  3:49  Overlord  
  51  3:54  Queen  
  52  3:56  Drone  
  52  3:57  Spore Crawler  
  52  3:59  Queen  
  54  4:05  Drone x3  
  54  4:06  Drone  
  57  4:10  Drone x2  
  57  4:11  Drone  
  57  4:14  Overlord  
  57  4:16  Drone  
  61  4:21  Drone  
  61  4:25  Zergling x4  
  61  4:29  Drone x2  
  61  4:30  Overlord  
  65  4:35  Drone x2  
  67  4:40  Drone  
  67  4:42  Roach Warren, Extractor  
  67  4:43  Drone x3  
  67  4:45  Lair  
  69  4:46  Drone x2  
  69  4:47  Drone  
  69  4:48  Drone  
  69  4:50  Drone  
  74  4:53  Drone x2  
  74  4:57  Overlord  
  76  5:03  Extractor  
  76  5:04  Zergling x4  
  76  5:06  Drone x3  
  78  5:07  Drone  
  78  5:13  Drone x3  
  81  5:16  Drone  
  81  5:17  Drone x2  
  81  5:18  Extractor  
  81  5:20  Extractor  
  82  5:21  Extractor  
  81  5:29  Drone x6  
  87  5:39  Roach  
  87  5:41  Overlord  
  89  5:43  Overlord  
  89  5:44  Hatchery  
  89  5:45  Spire  
  89  5:46  Glial Reconstitution  
  86  5:52  Drone x3  
  86  5:53  Overlord  
  86  5:55  Overlord  
  89  5:59  Overseer  
  89  6:00  Roach x4  
  89  6:01  Overlord  
  89  6:02  Zergling x4  
  99  6:05  Queen  
  99  6:09  Zergling x8  
  99  6:11  Drone  
  105  6:12  Overlord  
  105  6:14  Drone  
  105  6:16  Queen  
  108  6:22  Overlord  
  108  6:23  Overlord  
  106  6:26  Queen  
  106  6:28  Overlord  
  108  6:36  Overlord  
  106  6:46  Overlord  
  102  6:48  Queen  
  100  6:58  Corruptor x7  
  100  6:59  Corruptor  
  115  7:02  Corruptor  
  115  7:06  Corruptor  
  113  7:08  Corruptor  
  113  7:13  Corruptor  
  117  7:21  Corruptor  
  117  7:22  Queen  
  118  7:29  Drone  
  115  7:30  Drone x4, Extractor  
  115  7:32  Extractor  
  115  7:36  Corruptor  
  109  7:38  Zergling x8  
  105  7:52  Hatchery  
  105  7:56  Zerg Flyer Armor Level 1  
  105  7:57  Corruptor x2  
  108  8:00  Drone x8  
  108  8:03  Corruptor  
  118  8:07  Drone x3  
  118  8:12  Corruptor  
  121  8:16  Corruptor  
  125  8:24  Queen  
  127  8:27  Corruptor  
  127  8:28  Corruptor  
  127  8:33  Corruptor  
  131  8:39  Corruptor  
  135  8:44  Roach x4  
  135  8:47  Overlord  
  140  8:56  Corruptor  
  140  8:57  Hatchery  
  140  9:02  Drone x5  
  143  9:05  Corruptor  
  143  9:09  Corruptor  
  147  9:16  Roach x4  
  155  9:18  Roach x2  
  155  9:22  Roach x2  
  155  9:23  Overlord  
  163  9:27  Corruptor  
  163  9:29  Corruptor  
  167  9:32  Roach x2  
  167  9:38  Ravager x3  
  174  9:39  Ravager  
  174  9:42  Roach x2  
  174  9:43  Roach  
  174  9:44  Overlord  
  181  9:47  Roach x3  
  181  9:51  Extractor  
  181  9:52  Roach x2  
  190  9:54  Ravager  
  190  9:55  Extractor  
  190  9:57  Evolution Chamber  
  190  9:59  Roach  
  191  10:01  Overlord  
  191  10:04  Roach x4  
  197  10:12  Roach x2  
  181  10:22  Roach x10  
  181  10:26  Roach x5  
  196  10:29  Roach x2  
  194  10:36  Roach x5  
  194  10:40  Roach x3  
  193  10:45  Roach x3  
  197  10:53  Roach x4  
  197  10:58  Roach  
  199  11:08  Roach x3  
  199  11:12  Roach x2  
Show
View Real Time Build Order
Export as new Build Order

Classic Protoss 

Build Orders: 1 Gate Expand, Oracle Opening 

Get SALT Encoding   

  12  0:00  Probe  
  13  0:15  Pylon  
  13  0:18  Probe (Chrono Boost)  
  14  0:27  Probe (Chrono Boost)  
  15  0:32  Probe (Chrono Boost)  
  16  0:40  Gateway  
  16  0:44  Probe  
  16  0:48  Assimilator  
  17  0:56  Probe  
  18  1:08  Probe  
  19  1:20  Probe  
  20  1:27  Nexus  
  20  1:32  Probe  
  21  1:40  Cybernetics Core  
  21  1:44  Probe  
  22  1:47  Assimilator  
  22  1:54  Pylon  
  22  1:56  Probe  
  23  2:12  Probe  
  23  2:13  Adept (Chrono Boost)  
  24  2:19  Stargate  
  26  2:24  Probe  
  26  2:27  Warp Gate  
  27  2:36  Stalker  
  29  2:38  Probe (Chrono Boost)  
  29  2:39  Probe (Chrono Boost)  
  31  2:48  Probe (Chrono Boost)  
  31  2:49  Probe (Chrono Boost)  
  33  2:53  Probe (Chrono Boost)  
  33  2:54  Probe (Chrono Boost)  
  35  3:04  Probe  
  36  3:06  Probe  
  36  3:07  Oracle (Chrono Boost)  
  40  3:17  Probe  
  40  3:18  Pylon, Probe  
  42  3:21  Assimilator  
  42  3:29  Probe  
  42  3:30  Probe  
  44  3:38  Pylon  
  44  3:41  Probe  
  45  3:42  Probe  
  45  3:44  Gateway  
  45  3:45  Assimilator  
  46  3:50  Pylon  
  45  3:56  Probe x2  
  45  3:58  Fleet Beacon  
  47  4:04  Stargate  
  47  4:08  Probe  
  47  4:09  Probe  
  49  4:21  Probe x2  
  50  4:28  Adept  
  52  4:33  Probe x2  
  54  4:39  Pylon  
  54  4:44  Nexus  
  59  4:52  Tempest (Chrono Boost)  
  59  4:54  Pylon  
  59  4:56  Tempest (Chrono Boost)  
  59  4:57  Pylon  
  64  5:14  Probe x2  
  65  5:24  Tempest (Chrono Boost)  
  65  5:26  Tempest (Chrono Boost), Probe x2  
  77  5:32  Shield Battery  
  77  5:36  Zealot x2  
  77  5:38  Probe  
  77  5:39  Probe  
  81  5:49  Pylon  
  81  5:51  Shield Battery, Probe  
  82  5:57  Tempest (Chrono Boost)  
  87  6:05  Tempest (Chrono Boost)  
  92  6:12  Probe x2  
  92  6:13  Probe  
  95  6:24  Probe  
  95  6:25  Probe x2  
  98  6:26  Assimilator  
  98  6:30  Assimilator  
  102  6:34  Pylon  
  102  6:37  Probe x2  
  102  6:39  Void Ray (Chrono Boost)  
  108  6:41  Void Ray (Chrono Boost)  
  108  6:44  Pylon  
  108  6:46  Pylon  
  108  6:53  Unknown  
  106  6:55  Probe x2  
  106  6:56  Probe  
  109  7:01  Stargate  
  109  7:15  Zealot x2, Pylon  
  119  7:16  Void Ray (Chrono Boost), Pylon  
  119  7:20  Void Ray (Chrono Boost), Probe x3  
  108  7:40  Probe  
  108  7:41  Probe  
  100  7:49  Flux Vanes  
  99  7:51  Zealot  
  99  7:52  Zealot, Forge, Twilight Council  
  99  7:53  Void Ray (Chrono Boost), Probe  
  99  7:54  Probe x2  
  99  7:55  Pylon  
  106  8:06  Nexus  
  106  8:11  Void Ray (Chrono Boost)  
  114  8:13  Void Ray (Chrono Boost)  
  118  8:21  Pylon, Protoss Ground Weapons Level 1 (Chrono Boost)  
  118  8:24  Void Ray (Chrono Boost)  
  118  8:26  Protoss Air Weapons Level 1  
  118  8:28  Charge  
  118  8:30  Templar Archives  
  118  8:34  Gateway x2  
  118  8:38  Gateway  
  118  8:43  Gateway  
  118  8:47  Gateway  
  118  8:48  Gateway  
  122  8:57  Void Ray (Chrono Boost)  
  123  9:03  Void Ray (Chrono Boost)  
  127  9:12  Gateway  
  127  9:14  Gateway  
  127  9:16  Void Ray (Chrono Boost)  
  127  9:19  Assimilator, High Templar  
  127  9:20  High Templar  
  127  9:21  Probe  
  127  9:22  Probe  
  133  9:24  Assimilator, Archon  
  133  9:26  Photon Cannon  
  133  9:28  Probe x2  
  135  9:39  Zealot x2, High Templar x2  
  135  9:41  Probe x3  
  135  9:42  Probe  
  135  9:44  Archon, Pylon  
  147  9:47  Shield Battery  
  147  9:48  High Templar  
  147  9:49  High Templar  
  151  9:53  Archon  
  151  9:57  Zealot x2  
  155  10:02  Pylon x2  
  155  10:05  Zealot x2  
  159  10:11  Zealot x3  
  159  10:12  Zealot  
  141  10:33  Zealot x8  
  141  10:34  Zealot x2  
  96  10:56  Zealot x10  
  110  10:58  Pylon  
Tags
 
Add a new tag
Caveats
  • Supply blocks, unpowered buildings, or Contaminate may cause inaccurate times.
  • Supply counts are checked every 10 seconds.